 Dungeon Crawl Stone Soup version 0.32-a0-732-ga344392067 (webtiles) character file.

Game seed: 15269556405084972894

390164 Aldia the Brawler (level 22, -5/304 (313) HPs)
             Began as a Black Draconian Shapeshifter on Mar 15, 2024.
             Was the Champion of Beogh.
             Slain by an iron troll simulacrum (36 damage)
             ... on level 4 of the Depths on Mar 16, 2024.
             The game lasted 02:15:40 (48803 turns).

Aldia the Brawler (Black Draconian Shapeshifter)   Turns: 48803, Time: 02:15:41

HP:   -5/304 (313)  AC: 22    Str: 33    XL:     22   Next: 8%
MP:   33/44         EV: 12    Int: 13    God:    Beogh [******]
Gold: 4986          SH:  5    Dex: 13    Spells: 22/39 levels left

rFire   . .          .
                       - Unarmed
rCold   . . .        (shield currently unavailable)
rNeg    + . .        (body armour unavailable)
rPois   +            (helmet currently unavailable)
rElec   +            B - melded +0 cloak "Sousael" {rF+ Will++}
rCorr   .            (gloves currently unavailable)
SInv    +            J - melded +2 pair of boots {Stlth+}
Will    +....        y - amulet "Joofre Yclao" {Reflect Rampage rPois rN+ SH+5}
Stlth   +            K - ring "Riesaopn" {MP+9 Str+3 Dex-3 Slay+5 SInv}
HPRegen 0.70/turn    A - +4 ring of protection
MPRegen 0.29/turn

%: reflection, rampage
@: dragon-form, death channelling, animating dead, flying, studying 2 skills,
lightly drained
A: dragon claw, dragon scales, flying, boosted hp, walk on water, galvanic
breath, AC +11, giant, unfitting armour, (big wings), electricity resistance,
(cold-blooded)
}: 2/15 runes: decaying, serpentine
a: Galvanic Breath, Begin Untransformation, Renounce Religion, Smiting, Recall
Apostles, Blood for Blood, Dismiss Margrim, priest, Dismiss Rocco, wizard,
Dismiss Benkei, warrior


You were on level 4 of the Depths.
You worshipped Beogh.
Beogh was exalted by your worship.
You were a fearsome storm dragon!
You visited 9 branches of the dungeon, and saw 42 of its levels.
You also visited: Gauntlet, Ice Cave and Volcano.

You collected 6528 gold pieces.
You spent 1542 gold pieces at shops.

Inventory:

Hand Weapons
 S - a +0 trident
Missiles
 e - a curare-tipped dart
Armour
 B - the +0 cloak "Sousael" (melded) {rF+ Will++}
   (You found it on level 2 of the Swamp)

   rF+:       It protects you from fire.
   Will++:    It greatly increases your willpower.
 J - a +2 pair of boots of stealth (melded)
Jewellery
 c - a ring of willpower
 k - a +6 ring of strength
 m - a ring of see invisible
 y - the amulet "Joofre Yclao" (around neck) {Reflect Rampage rPois rN+ SH+5}
   (You found it in a Gauntlet)

   [amulet of reflection]

   Reflect:   It reflects blocked missile attacks.
   rPois:     It protects you from poison.
   rN+:       It protects you from negative energy.
   SH+5:      It affects your SH (+5).
   Rampage:   It bestows one free step when moving towards enemies.
 A - a +4 ring of protection (right foreclaw)
 E - the ring "Waocyoc" {rElec rCorr Dex+3}
   (You found it on level 4 of the Swamp)

   [ring of resist corrosion]

   Dex+3:     It affects your dexterity (+3).
   rElec:     It insulates you from electricity.
   rCorr:     It protects you from acid and corrosion.
 K - the ring "Riesaopn" (left foreclaw) {MP+9 Str+3 Dex-3 Slay+5 SInv}
   (You found it on level 2 of the Depths)

   [ring of see invisible]

   Str+3:     It affects your strength (+3).
   Dex-3:     It affects your dexterity (-3).
   Slay+5:    It affects your accuracy & damage with ranged weapons and melee
   (+5).
   MP+9:      It affects your magic capacity (+9).
   SInv:      It lets you see invisible.
 R - the ring of Mykiepoup {Ice Dex+3 Stlth+}
   (You took it off a minotaur in a Gauntlet)

   [ring of ice]

   Ice:       It enhances your ice magic.
   Dex+3:     It affects your dexterity (+3).
   rF-:       It makes you vulnerable to fire.
   rC+:       It protects you from cold.
   Stlth+:    It makes you more stealthy.
 X - the ring of Satisfaction {rElec rF+ rN+ Str-3 Dex+2}
   (You found it on level 2 of the Swamp)

   [ring of protection from fire]

   Str-3:     It affects your strength (-3).
   Dex+2:     It affects your dexterity (+2).
   rF+:       It protects you from fire.
   rElec:     It insulates you from electricity.
   rN+:       It protects you from negative energy.
 Z - a +6 ring of dexterity
Talismans
 O - a dragon-blood talisman (active)
Wands
 o - a wand of roots (32)
 w - a wand of light (29)
 N - a wand of charming (31)
 Q - a wand of polymorph (7)
 U - a wand of digging (25)
 V - a wand of mindburst (6)
Scrolls
 d - 8 scrolls of amnesia
 g - 2 scrolls of vulnerability
 i - 13 scrolls of blinking
 j - 4 scrolls of fog
 l - 4 scrolls of revelation
 p - 8 scrolls of poison
 q - 7 scrolls of fear
 s - 24 scrolls of teleportation
 x - 5 scrolls of noise
 D - 5 scrolls of butterflies
 M - 7 scrolls of immolation
 W - a scroll of torment
 Y - 6 scrolls of silence
Potions
 a - 9 potions of lignification
 f - 21 potions of curing
 h - 11 potions of heal wounds
 n - 5 potions of berserk rage
 r - 6 potions of brilliance
 u - 2 potions of mutation
 v - 2 potions of ambrosia
 z - 6 potions of might
 C - 11 potions of haste
 F - 4 potions of magic
 G - 2 potions of cancellation
 H - 6 potions of enlightenment
 I - 4 potions of invisibility
 L - 5 potions of resistance
 P - 8 potions of attraction
Miscellaneous
 b - a lightning rod (4/4)
 t - a phantom mirror
 T - a sack of spiders


   Skills:
 - Level 20.0 Fighting
 + Level 14.8 Dodging
 - Level 20.1 Unarmed Combat
 + Level 9.3 Spellcasting
 - Level 15.0 Necromancy
 - Level 7.0 Translocations
 + Level 2.4 Earth Magic
 - Level 12.0 Invocations
 - Level 5.0 Evocations
 + Level 17.0 Shapeshifting


You had 22 spell levels left.
You knew the following spells:

 Your Spells              Type           Power      Damage    Failure   Level
a - Blink                 Tloc           48%        N/A       1%          2
b - Animate Dead          Necr           45%        N/A       1%          4
c - Death Channel         Necr           22%        N/A       3%          6
d - Borgnjor's Vile Clut  Necr/Erth      14%        N/A       10%         5

Your spell library contained the following spells:

 Spells                   Type           Power      Damage    Failure   Level
 Kiss of Death            Conj/Necr      100%       2d13      1%          1
 Sublimation of Blood     Necr           45%        N/A       1%          2
 Vampiric Draining        Necr           45%        2d9       1%          3
 Dispel Undead            Necr           45%        3d17      1%          4
 Volatile Blastmotes      Fire/Tloc      30%        2d12      9%          3
 Freeze                   Ice            24%        1d4       12%         1
 Magic Dart               Conj           24%        1d4       12%         1
 Shock                    Conj/Air       24%        1d4       12%         1
 Slow                     Hex            24%        N/A       12%         1
 Passwall                 Erth           12%        N/A       13%         3
 Call Imp                 Summ           12%        N/A       19%         2
 Jinxbite                 Hex            12%        N/A       19%         2
 Static Discharge         Conj/Air       12%        3-4/arc   19%         2
 Dimensional Bullseye     Hex/Tloc       7%         N/A       28%         4
 Iskenderun's Mystic Bla  Conj/Tloc      15%        2d5       28%         4
 Call Canine Familiar     Summ           6%         N/A       34%         3
 Confusing Touch          Hex            6%         N/A       34%         3
 Frozen Ramparts          Ice            12%        1d2       34%         3
 Hailstorm                Conj/Ice       6%         3d5       34%         3
 Inner Flame              Hex/Fire       6%         N/A       34%         3
 Sigil of Binding         Hex            6%         N/A       34%         3
 Swiftness                Air            6%         N/A       34%         3
 Tukima's Dance           Hex            6%         N/A       34%         3
 Leda's Liquefaction      Alch/Erth      4%         N/A       58%         4
 Petrify                  Alch/Erth      9%         N/A       58%         4
 Airstrike                Air            3%         2d(1-17)  75%         4
 Flame Wave               Conj/Fire      6%         2d5       75%         4
 Sticky Flame             Fire/Alch      6%         2d4       75%         4
 Summon Lightning Spire   Summ/Air       6%         N/A       75%         4
 Lee's Rapid Deconstruct  Erth           6%         3d6*      77%         5
 Irradiate                Conj/Alch      3%         3d12      97%         5
 Metabolic Englaciation   Hex/Ice        3%         N/A       97%         5
 Yara's Violent Unravell  Hex/Alch       3%         3d4       97%         5
 Bombard                  Conj/Erth      4%         9d2       100%        6
 Enfeeble                 Hex            3%         N/A       100%        7
 Animate Armour           Summ/Erth      Unusable   N/A       N/A         4

Dungeon Overview and Level Annotations

Branches:
Dungeon (15/15)            Temple (1/1) D:6            Lair (5/5) D:8
  Swamp (4/4) Lair:2        Snake (4/4) Lair:3        Slime (0/5) Lair:5
    Orc (2/2) D:9             Elf (3/3) Orc:2        Vaults (4/5) D:13
  Crypt (0/3) Vaults:3     Depths (4/4) D:15          IceCv (visited)
Volcano (visited)         Gauntlet (visited)
    Zot: Depths:4

Altars:
Ashenzari
Cheibriados
Dithmenos
Elyvilon
Fedhas
Gozag
Hepliaklqana
Kikubaaqudgha
Makhleb
Nemelex Xobeh
Okawaru
Qazlal
Ru
Sif Muna
Trog
Uskayaw
Vehumet
Wu Jian
Xom
Yredelemnul
Zin
The Shining One
Beogh
Jiyva

Shops:
D:1 ?!   D:15 *   Orc:1 !   Orc:2 ((*(   Snake:2 =:=   Vaults:3 ?   Vaults:4 (
Depths:2 *(

Portals:
Hell: Depths:1 Depths:2 Depths:3
Abyss: Depths:2 Depths:3
Pandemonium: Depths:1 Depths:2
Ziggurat: Depths:3

Annotations:
D:2 1 runed translucent door, Crazy Yiuf
D:8 exclusion: statue
Lair:1 2 runed translucent doors, avangion's ghost, journeyman DECj
Lair:3 2 transporters, ForkInBrain's ghost, journeyman TrCK
Lair:4 exclusion: 3 oklob plants
Snake:1 Roxanne
Elf:2 3 runed translucent doors
Elf:3 exclusion: door
Depths:2 3 runed translucent doors, LobsterGuardian's ghost, veteran AtAr
Depths:4 exclusion: 7 doors
Abyss:1 Frances; Rupert


Innate Abilities, Weirdness & Mutations

You are a fearsome storm dragon!
You have a powerful clawing attack.
Your giant scaled body is strong and resilient, but less evasive.
Your breath weapon is enhanced in this form.
You are flying.
Your maximum health is greatly increased.
Your armour is entirely melded.
You are incapable of wielding weapons or throwing items.
You can walk on water.
Your facial features are unmistakably orcish.
You can breathe arcing electricity.
Your glossy black scales are hard. (AC +11)
You cannot fit into any form of body armour.
((Your large and strong wings let you fly.))
You are resistant to electric shocks. (rElec)
((You are cold-blooded and may be slowed by cold attacks.))


Message History

The iron troll simulacrum is smitten.
Unknown command.
Unknown command.
You maul the stone giant simulacrum!!!!
The stone giant simulacrum vaporises!
You hear a roar!
Your spectral necromancer hits the iron troll simulacrum but does no damage.
The iron troll simulacrum bites your spectral necromancer!!
The iron troll simulacrum freezes your spectral necromancer!
Your spectral necromancer resists.
The iron troll simulacrum closely misses your spectral necromancer.
The iron troll simulacrum claws your spectral necromancer!
The iron troll simulacrum freezes your spectral necromancer!!
Your spectral necromancer resists.
Your spectral necromancer is destroyed!
Your spectral stone giant hits the iron troll simulacrum!!
Unknown command.
You hit the iron troll simulacrum but do no damage.
You claw the iron troll simulacrum, but do no damage.
The iron troll simulacrum is moderately damaged.
Margrim is engulfed in poison gas.
Margrim looks as sick as possible!
Margrim completely misses the iron troll simulacrum.
Benkei mumbles some strange words.
Space momentarily warps into an impossible shape!
Benkei hits the iron troll simulacrum from afar with the +0 great sword of Teog!
Benkei melts the iron troll simulacrum!
The iron troll simulacrum vaporises!
Benkei hits the iron troll simulacrum from afar with the +0 great sword of Teog!
Benkei melts the iron troll simulacrum.
A green draconian comes into view.
It is wielding a +1 dire flail of protection.
The iron troll simulacrum bites you!
* * * LOW HITPOINT WARNING * * *
The iron troll simulacrum freezes you!!
* * * LOW HITPOINT WARNING * * *
The iron troll simulacrum barely misses you.
The iron troll simulacrum claws you!
* * * LOW HITPOINT WARNING * * *
The iron troll simulacrum freezes you!!!
You die...

*,,,,,,,,,,,,,,,*,,,,,,,,,,,,,,,,
*,,,,,,,,,,,,,,,*,,,,,,,⌠,,,⌠,,,,
****+**,****+*,**,,**,,,,,,,,,,,*
**,,,*******,*,*,,###,,,,,,,,,###
,,,,,,,,,*,,,,,*,,#.#,,,*,,####..
,,,,,,,,,+,,,,##°##.#,,**,*#.....
,,,,,,,,,#..,,#d##..##,###,#...#.
,,,,,,,,,#...○#○#oo..#,#.#,#..##.
**,,,,,,****#○○ZDo##.#+#.#+#...#.
**,,,,,,*...))☼Z####...........#.
*,,,,,,,+...)Z..* ###.....#...#.
*,,,,,,,*..Z....* #.....#o..#o
+,,,,,,,*.......* #.....#...#o
*******,*.<.....* ***#.....#.#...
** ***#######* *,.....######## ,*
*......# ,* *......#


You could see a green draconian, an iron troll simulacrum (ally target), a hell
knight simulacrum, the friendly Benkei the orc apostle, the friendly Margrim the
orc apostle (extremely poisoned, drained), the friendly Rocco the orc apostle
(very poisoned), a friendly spectral stone giant and a friendly spectral hell
knight.

Vanquished Creatures
  Boris (Depths:1)
  Nikola (Swamp:1)
  A golden dragon (Depths:2)
  Jorgrun (Swamp:3)
  A walking crystal tome (Depths:2)
  A titan (Depths:2)
  3 sphinxes
  A tengu reaver (Depths:2)
  Donald (Elf:1)
  A storm dragon (Depths:2)
  5 nagarajas (Snake:4)
  2 frost giants
  2 fenstrider witches (Swamp:2)
  7 fire giants
  A deep elf elementalist (Depths:3)
  8 vault wardens
  A curse skull (Vaults:3)
  Louise (Swamp:1)
  3 spectral caustic shrikes (Depths:3)
  A reaper (Depths:2)
  2 orc warlords
  7 ironbound thunderhulks
  9 ironbound preservers
  2 formless jellyfish
  8 stone giants
  A vampire knight (Depths:1)
  4 eleionomae
  A deep elf death mage (Elf:1)
  2 bunyips
  Nessos (D:15)
  A lorocyproca (Depths:2)
  A deep elf demonologist (Elf:1)
  A minotaur (Gauntlet)
  7 dire elephants
  The ghost of prad the Spry, a journeyman SpHu of Gozag (Orc:2)
  A deep elf annihilator (Elf:1)
  Azrael (Snake:3)
  4 ettins
  A spark wasp (Depths:2)
  4 fire dragons
  3 great orbs of eyes
  8 yaktaur captains
  3 deep elf high priests
  An entropy weaver (shapeshifter) (D:13)
  4 spriggan air magi (Depths:2)
  A shambling mangrove (Swamp:4)
  2 entropy weavers
  2 salamander tyrants
  13 hydras
  6 vault guards
  2 rakshasas (Depths:1)
  2 ogre magi (Orc:2)
  6 alligators
  2 boulder beetles
  12 centaur warriors
  A peacekeeper (Vaults:3)
  2 ghost crabs
  9 ironbound frosthearts
  9 two-headed ogres
  3 ice dragons
  15 anacondas
  7 deep troll shamans
  4 catoblepae
  9 death yaks (Lair:5)
  A death knight (D:10)
  10 dancing weapons
  A merfolk aquamancer (Depths:3)
  5 deep troll earth magi
  A spriggan berserker (Swamp:4)
  4 tengu warriors
  19 naga warriors
  12 shock serpents
  8 naga sharpshooters
  A fire crab (D:13)
  12 iron trolls
  10 deep elf knights
  6 hell knights (Depths:4)
  3 sixfirhies (Gauntlet)
  6 mana vipers
  6 sea snakes
  3 salamander mystics
  2 glowing orange brains
  A golden dragon zombie (Depths:1)
  3 goliath frogs
  A naga ritualist (Snake:4)
  2 flayed ghosts
  6 arcanists
  4 bog bodies
  8 spriggan druids
  45 deep trolls
  8 orc knights
  2 phantasmal warriors
  A golden dragon skeleton (Depths:1)
  5 thermic dynamos
  13 ironbound convokers
  6 deep elf archers
  Pikel (D:8)
  15 deep elf pyromancers
  A frost giant zombie (Depths:1)
  11 swamp dragons
  16 deep elf zephyrmancers
  7 necromancers
  7 lindwurms
  2 will-o-the-wisps (Swamp:3)
  2 tengu skeletons (Depths:2)
  17 salamanders
  4 manticores
  13 ugly things
  5 cyclopes
  A stone giant skeleton (Depths:1)
  3 kobold blastminers
  14 guardian serpents
  2 elephants (Lair:3)
  3 molten gargoyles
  A rust devil (Swamp:2)
  A smoke demon (Gauntlet)
  A water nymph (Depths:3)
  27 black mambas
  14 vault sentinels
  16 naga magi
  2 torpor snails (Swamp:4)
  An orange demon (Vaults:4)
  A minotaur zombie (Gauntlet)
  An unseen horror (shapeshifter) (D:14)
  2 gargoyles
  7 cane toads
  An efreet (Volcano)
  2 rime drakes
  16 yaktaurs
  3 freezing wraiths
  2 unseen horrors
  6 komodo dragons
  A spark wasp simulacrum (Depths:2)
  3 dryads (Depths:3)
  2 tengu conjurers
  2 merfolk (Depths:3)
  2 red devils (Orc:2)
  A hellwing (Vaults:4)
  A bloated husk (Swamp:2)
  A polar bear (Lair:3)
  4 trolls
  Grinder (D:6)
  7 tyrant leeches
  4 blink frogs
  5 hornets
  4 human skeletons (Vaults:1)
  A raiju (Gauntlet)
  A glass eye (Depths:3)
  4 air elementals
  A ynoxinul (Depths:2)
  8 spriggans
  5 water elementals
  A wraith (Vaults:3)
  28 slime creatures
  38 yaks
  8 fire elementals
  6 wyverns
  A golden eye (Lair:4)
  A steam dragon (Gauntlet)
  2 basilisks
  4 wargs
  13 vampire mosquitoes
  3 redbacks
  38 nagas
  A human zombie (Depths:2)
  2 acid dragons (D:13)
  26 swamp worms
  17 water moccasins
  5 swamp drakes (Swamp:4)
  A black bear (shapeshifter) (D:13)
  8 orc warriors
  2 ice beasts (D:5)
  5 black bears
  A sky beast (D:7)
  15 ogres
  5 wolves
  6 centaurs
  A lemure (D:8)
  2 phantoms
  4 bullfrogs
  2 kobold brigands
  2 earth elementals
  6 scorpions
  A cane toad simulacrum (IceCv)
  2 wights (D:8)
  4 killer bees
  5 howler monkeys
  A bombardier beetle (D:5)
  A vampire bat (D:10)
  A crimson imp (Gauntlet)
  3 lava snakes (Volcano)
  A quasit (D:12)
  A jelly (D:7)
  9 orc priests
  A hound (D:6)
  5 iguanas
  A sleepcap (D:8)
  Natasha (thrice) (D:2)
  12 orc wizards
  A wolf simulacrum (IceCv)
  3 ogre zombies (D:9)
  11 adders
  3 gnolls (D:4)
  4 shadow imps
  2 white imps
  2 ufetubi (D:5)
  2 dart slugs
  5 ribbon worms
  25 orcs
  7 bats
  6 endoplasms
  A giant cockroach (D:2)
  14 goblins
  7 hobgoblins
  18 kobolds
  4 quokkas
  11 ball pythons
  9 frilled lizards
  A gnoll skeleton (D:9)
  3 orc skeletons (D:9)
  7 orc zombies (D:9)
  6 rats
1186 creatures vanquished.

Vanquished Creatures (collateral kills)
  A lich (Depths:2)
  2 thorn hunters (Swamp:4)
  Aizul (Snake:3)
  2 frost giants
  A nagaraja (Snake:4)
  2 ironbound preservers (Vaults:1)
  2 spectral caustic shrikes (Depths:3)
  2 ironbound thunderhulks
  2 stone giants
  A deep elf annihilator (Elf:2)
  An eleionoma (Swamp:2)
  A dire elephant (Vaults:2)
  A spark wasp (Depths:2)
  A fire dragon (Depths:2)
  A yaktaur captain (Vaults:2)
  A rakshasa (Depths:2)
  10 hydras
  2 ice dragons (Depths:3)
  2 ogre magi (Orc:2)
  An alligator (Swamp:2)
  A dancing weapon (Elf:1)
  A spriggan air mage (Depths:1)
  6 anacondas (Snake:3)
  A centaur warrior (D:13)
  2 ironbound frosthearts
  8 two-headed ogres
  A death yak (Lair:5)
  8 deep troll earth magi
  A tengu warrior (Depths:2)
  A spriggan berserker (Depths:3)
  An orc high priest (Lair:3)
  A shock serpent (Snake:3)
  3 naga warriors (Snake:4)
  2 naga sharpshooters
  A soul eater (D:12)
  2 deep elf knights
  A salamander mystic (Snake:3)
  2 skysharks
  An iron troll (Depths:3)
  2 sea snakes
  An arcanist (Vaults:2)
  8 deep trolls
  A mana viper (Snake:3)
  A death drake (shapeshifter) (Depths:2)
  2 swamp dragons (Swamp:4)
  A naga ritualist (Snake:3)
  A spriggan druid (Swamp:4)
  3 ironbound convokers
  A steelbarb worm (shapeshifter) (Depths:2)
  3 deep elf archers
  2 bog bodies
  5 deep elf zephyrmancers
  A thermic dynamo (Elf:2)
  A lindwurm (Vaults:3)
  A faun (Lair:1)
  7 deep elf pyromancers
  2 will-o-the-wisps
  2 manticores
  A kobold blastminer (Orc:1)
  6 ugly things
  2 vault sentinels
  A meliai (shapeshifter) (Elf:2)
  5 elephants (Lair:3)
  3 naga magi
  8 black mambas
  A gargoyle (Volcano)
  8 cane toads
  A rust devil (Swamp:2)
  3 molten gargoyles (D:13)
  Maggie (Lair:2)
  An unseen horror (D:11)
  2 yaktaurs (Vaults:2)
  An anaconda simulacrum (IceCv)
  A dryad (Depths:3)
  A troll (D:9)
  A komodo dragon (Lair:5)
  A troll (shapeshifter) (D:15)
  3 hornets
  3 tyrant leeches
  14 blink frogs
  2 slime creatures
  4 spriggans
  A water elemental (Elf:1)
  4 wraiths
  A ynoxinul (Snake:3)
  A wyvern (Lair:1)
  3 fire bats (Volcano)
  28 yaks
  3 fire elementals
  4 vampire mosquitoes
  A warg (Orc:2)
  3 swamp worms
  16 water moccasins
  A death yak simulacrum (IceCv)
  2 acid dragons
  6 nagas
  2 hell hounds (Snake:3)
  2 orc warriors
  A deep troll simulacrum (Vaults:1)
  4 swamp drakes (Swamp:4)
  2 black bears (Lair:1)
  9 ogres
  2 centaurs
  2 lemures (D:8)
  10 bullfrogs
  An earth elemental (Volcano)
  A troll zombie (D:9)
  7 killer bees
  A vampire bat (D:10)
  2 electric eels (Lair:3)
  2 howler monkeys
  3 crimson imps
  A jelly (D:8)
  An orc priest (Lair:3)
  An iguana (D:12)
  An orc wizard (D:9)
  A polar bear simulacrum (IceCv)
  4 ogre zombies (D:9)
  An orc (D:8)
  2 bat skeletons (D:10)
  4 bat zombies (D:10)
  A frilled lizard (D:12)
  3 gnoll skeletons (D:9)
  10 orc zombies (D:9)
355 creatures vanquished.

Vanquished Creatures (others)
  2 orc warlords
  A stone giant (Depths:4)
  12 orc apostles
  An orc high priest (Snake:3)
  A deep elf knight (Elf:1)
  7 orc knights
  3 bloated husks
  3 slime creature zombies
  A vampire mosquito (Swamp:1)
  A swamp worm (Swamp:2)
  A human zombie (Vaults:4)
  An orc warrior (Snake:3)
  A bullfrog (Lair:3)
  A yaktaur zombie (Vaults:4)
  3 orc priests
  An orc wizard (Orc:2)
  13 orcs
  8 foxfires
61 creatures vanquished.

Grand Total: 1602 creatures vanquished

Notes
Turn   | Place    | Note
-------+----------+-------------------------------------------
     0 | D:1      | Aldia the Draconian Shapeshifter began the quest for the
                  | Orb.
     0 | D:1      | Reached XP level 1. HP: 16/16 MP: 1/1
    12 | D:1      | Found Zijissi Icey's Magic Scroll Boutique.
    67 | D:1      | Reached XP level 2. HP: 23/23 MP: 2/2
   365 | D:1      | Found Neere's Distillery.
   429 | D:1      | Reached XP level 3. HP: 27/29 MP: 3/3
   786 | D:2      | Noticed Natasha
   795 | D:2      | Killed Natasha
   796 | D:2      | Reached XP level 4. HP: 29/36 MP: 4/4
   886 | D:2      | Noticed Natasha
   897 | D:2      | Killed Natasha
   900 | D:2      | Noticed Natasha
   907 | D:2      | Killed Natasha
   990 | D:2      | Reached XP level 5. HP: 12/42 MP: 5/5
  1288 | D:2      | Found a runed translucent door.
  1289 | D:2      | Noticed Crazy Yiuf
  1678 | D:3      | Became a worshipper of Beogh the Shepherd
  1855 | D:3      | Found a basalt altar of Yredelemnul.
  1947 | D:3      | Found a shadowy altar of Dithmenos.
  2491 | D:4      | Reached skill level 5 in Shapeshifting
  2491 | D:4      | Reached XP level 6. HP: 51/51 MP: 6/6
  2508 | D:4      | Found a shimmering altar of Xom.
  2853 | D:4      | Found an ornate altar of the Wu Jian Council.
  2853 | D:4      | Found an iron altar of Okawaru.
  3062 | D:5      | Entered Level 5 of the Dungeon
  3123 | D:1      | Bought a scroll of identify for 24 gold pieces
  3162 | D:1      | Bought a potion of curing for 42 gold pieces
  3162 | D:1      | Bought a potion of heal wounds for 70 gold pieces
  3201 | D:1      | Bought a scroll of teleportation for 36 gold pieces
  3333 | D:5      | Reached * piety under Beogh
  3660 | D:5      | Noticed an ice beast
  3664 | D:5      | Noticed an ice beast
  3679 | D:5      | Your scales start taking on a glossy black colour.
  3679 | D:5      | Reached XP level 7. HP: 32/57 MP: 7/7
  3679 | D:5      | Gained mutation: You are resistant to electric shocks.
                  | (rElec) [Black Draconian growth]
  3813 | D:5      | Identified the +1 spear of Jed Tez {drain, rElec rCorr
                  | Int-5}
  4168 | D:5      | Reached skill level 1 in Invocations
  4251 | D:5      | Found a glowing silver altar of Zin.
  4341 | D:5      | Reached skill level 5 in Unarmed Combat
  4341 | D:5      | Reached XP level 8. HP: 66/66 MP: 9/9
  4607 | D:5      | Found the +18 Lear's hauberk
  4912 | D:6      | Found a blossoming altar of Fedhas.
  5495 | D:6      | Noticed Grinder
  5517 | D:6      | Killed Grinder
  5518 | D:6      | Reached skill level 5 in Fighting
  5575 | D:6      | Found a staircase to the Ecumenical Temple.
  5584 | Temple   | Entered the Ecumenical Temple
  6247 | D:7      | Found a white marble altar of Elyvilon.
  6265 | D:7      | Reached XP level 9. HP: 63/74 MP: 11/11
  6580 | D:7      | Reached ** piety under Beogh
  7174 | D:1      | Bought a potion of mutation for 112 gold pieces
  7593 | D:8      | Found a staircase to the Lair.
  7603 | D:8      | Reached skill level 5 in Invocations
  7606 | D:8      | Reached skill level 5 in Dodging
  7868 | D:8      | Reached XP level 10. HP: 79/84 MP: 13/13
  8008 | D:8      | Reached *** piety under Beogh
  8038 | D:8      | Anointed Argrim the warrior as your apostle
  8230 | D:8      | Noticed Pikel
  8240 | D:8      | Killed Pikel
  8337 | D:8      | Found a sparkling altar of Nemelex Xobeh.
  8358 | D:8      | Found a radiant altar of Vehumet.
  8992 | D:9      | Found a staircase to the Orcish Mines.
  9010 | D:9      | Reached **** piety under Beogh
  9010 | D:9      | Noticed Bogwik
  9039 | D:9      | Anointed Bogwik the priest as your apostle
  9095 | D:9      | Reached skill level 10 in Unarmed Combat
  9374 | D:9      | Noticed a deep elf pyromancer
  9378 | D:9      | Noticed a cyclops
  9381 | D:9      | Killed a deep elf pyromancer
  9384 | D:9      | Banished a cyclops
  9388 | D:9      | Identified the staff of Overwhelming Force {rN+ rCorr
                  | Necro}
  9500 | D:9      | Reached XP level 11. HP: 74/94 MP: 14/14
  9715 | D:9      | Noticed a two-headed ogre
  9720 | D:9      | Killed a two-headed ogre
  9799 | D:9      | Found a hazy altar of Hepliaklqana.
  9799 | D:9      | Found a hide-covered altar of Uskayaw.
  9800 | D:9      | Noticed a two-headed ogre
 10030 | D:9      | Killed a two-headed ogre
 10189 | D:10     | Entered Level 10 of the Dungeon
 10204 | D:10     | Found a burning altar of Makhleb.
 10204 | D:10     | Noticed a green death
 10235 | D:10     | Found a stormy altar of Qazlal.
 10409 | D:10     | Noticed a death knight
 10423 | D:10     | Killed a death knight
 10626 | D:10     | Noticed a two-headed ogre
 10633 | D:10     | Killed a two-headed ogre
 10740 | D:10     | Found an ancient bone altar of Kikubaaqudgha.
 11665 | D:11     | Noticed Geork
 11680 | D:11     | Anointed Geork the priest as your apostle
 11754 | Lair:1   | Entered Level 1 of the Lair of Beasts
 11831 | Lair:1   | Reached XP level 12. HP: 101/105 MP: 15/15
 11983 | Lair:1   | You fall into a shaft and drop 1 floor!
 12159 | Lair:1   | Reached skill level 10 in Shapeshifting
 12464 | Lair:1   | Found a large runed translucent door.
 12464 | Lair:1   | Found a large runed translucent door.
 12469 | Lair:1   | Noticed avangion's ghost (journeyman DECj)
 12819 | Lair:2   | Reached ***** piety under Beogh
 12823 | Lair:2   | Reached skill level 10 in Fighting
 13248 | Lair:2   | Noticed Maggie
 13252 | Lair:2   | Killed Maggie
 13438 | Lair:2   | Found a staircase to the Swamp.
 13820 | Lair:3   | Noticed a catoblepas
 13828 | Lair:3   | Killed a catoblepas
 13839 | Lair:3   | Noticed an eight-headed hydra
 13842 | Lair:3   | Reached XP level 13. HP: 96/114 MP: 16/16
 13959 | Lair:3   | Noticed ForkInBrain's ghost (journeyman TrCK)
 13976 | Lair:3   | Found a transporter.
 13985 | Lair:3   | Found a frozen archway.
 14059 | Lair:3   | Found a dark tunnel.
 14071 | Volcano  | Entered a volcano
 14157 | Volcano  | Found a bloodstained altar of Trog.
 14207 | Volcano  | Noticed a stone giant
 14214 | Volcano  | Killed a stone giant
 14312 | IceCv    | Entered an ice cave
 14321 | IceCv    | Found a transporter.
 14333 | IceCv    | Found a transporter.
 14441 | Lair:3   | Noticed Olfrun
 14450 | Lair:3   | Anointed Olfrun the priest as your apostle
 14471 | Lair:3   | Found a transporter.
 15043 | Lair:3   | Found a staircase to the Snake Pit.
 16623 | Lair:5   | Entered Level 5 of the Lair of Beasts
 16865 | Lair:5   | Gained mutation: Your large and strong wings let you fly.
                  | [Black Draconian growth]
 16865 | Lair:5   | Reached XP level 14. HP: 126/126 MP: 14/17
 17236 | Lair:5   | Noticed Rupert
 17245 | Lair:5   | Banished Rupert
 17246 | Lair:5   | Reached skill level 15 in Shapeshifting
 17500 | Lair:5   | Found a viscous altar of Jiyva.
 17500 | Lair:5   | Found a staircase to the Slime Pits.
 18049 | Lair:5   | Identified the +9 falchion of Premature Burial {drain,
                  | *Corrode Int+2 Dex+2}
 18314 | Orc:1    | Entered Level 1 of the Orcish Mines
 18314 | Orc:1    | Found Uweyrhuv's Distillery.
 18387 | Orc:1    | Bought a potion of curing for 45 gold pieces
 18588 | Orc:2    | Entered Level 2 of the Orcish Mines
 18666 | Orc:2    | Found a roughly hewn altar of Beogh.
 18943 | Orc:2    | Found a runed translucent door.
 18944 | Orc:2    | Noticed prad's ghost (journeyman SpHu)
 19273 | Orc:2    | Reached ****** piety under Beogh
 19298 | Orc:2    | Paralysed by an ogre mage for 5 turns
 19300 | Orc:2    | Reached XP level 15. HP: 117/134 MP: 19/19
 19310 | Orc:2    | Your ally Olfrun died
 19318 | Orc:2    | Found Puphur's Weapon Boutique.
 19318 | Orc:2    | Found Qelaodd's Weapon Shoppe.
 19321 | Orc:2    | Found Facalyss's Assorted Antiques.
 19321 | Orc:2    | Found Fiuniumu's Antique Weapon Emporium.
 19436 | Orc:2    | Anointed Wargrak the wizard as your apostle
 19637 | Orc:2    | Bought a potion of resistance for 290 gold pieces
 19671 | Orc:2    | Found a staircase to the Elven Halls.
 19915 | Orc:2    | Killed prad's ghost
 20141 | Orc:1    | Bought a potion of heal wounds for 75 gold pieces
 20141 | Orc:1    | Bought a potion of heal wounds for 75 gold pieces
 20141 | Orc:1    | Bought a potion of haste for 150 gold pieces
 21201 | D:13     | Your ally Bogwik died
 21217 | D:13     | Found a gate to the Vaults.
 21959 | D:13     | Reached skill level 15 in Unarmed Combat
 21978 | D:13     | Identified the amulet "Cyastraja" {Acrobat rElec Will+}
 22590 | D:15     | Entered Level 15 of the Dungeon
 22610 | D:15     | Found Roghahin's General Store.
 22635 | D:15     | Bought a potion of might for 80 gold pieces
 22655 | D:15     | Found a gate leading to a gauntlet.
 22666 | Gauntlet | Entered a Gauntlet
 22666 | Gauntlet | Found a transporter.
 22666 | Gauntlet | Found a transporter.
 22681 | Gauntlet | Found a transporter.
 22685 | Gauntlet | Found a transporter.
 22694 | Gauntlet | Found a transporter.
 22697 | Gauntlet | Found a transporter.
 22714 | Gauntlet | Found a transporter.
 22726 | Gauntlet | Found a transporter.
 22745 | Gauntlet | Found a transporter.
 22749 | Gauntlet | Found a transporter.
 22757 | Gauntlet | Found a transporter.
 22761 | Gauntlet | Found a transporter.
 22921 | Gauntlet | Identified the amulet "Joofre Yclao" {Reflect Rampage rPois
                  | rN+ SH+5}
 22941 | Gauntlet | Identified the ring of Mykiepoup {Ice Dex+3 Stlth+}
 23012 | D:15     | Noticed Nessos
 23020 | D:15     | Killed Nessos
 23403 | D:15     | Found a staircase to the Depths.
 23823 | Swamp:1  | Entered Level 1 of the Swamp
 24168 | Swamp:1  | Reached XP level 16. HP: 146/146 MP: 22/22
 24261 | Swamp:1  | Noticed Nikola
 24273 | Swamp:1  | Killed Nikola
 24412 | Swamp:1  | Noticed Louise
 24424 | Swamp:1  | Killed Louise
 24562 | Swamp:2  | Found a transporter.
 24766 | Swamp:2  | Found a transporter.
 24781 | Swamp:2  | Identified the +3 dagger of the Healing Gods {heavy, Str+5
                  | Dex+3}
 24781 | Swamp:2  | Identified the +1 robe of the Curious Beds {Int+3 Archmagi}
 24803 | Swamp:2  | Anointed Orgrim the wizard as your apostle
 24897 | Swamp:2  | Reached skill level 1 in Evocations
 25095 | Swamp:2  | Reached skill level 10 in Invocations
 25390 | Swamp:2  | Identified the ring of Satisfaction {rElec rF+ rN+ Str-3
                  | Dex+2}
 25398 | Swamp:2  | Identified the +0 cloak "Sousael" {rF+ Will++}
 25685 | Swamp:3  | Noticed Jorgrun
 25691 | Swamp:3  | Killed Jorgrun
 26466 | Swamp:3  | Learned a level 2 spell: Blink
 26471 | Swamp:3  | Learned a level 4 spell: Animate Dead
 26646 | Swamp:4  | Entered Level 4 of the Swamp
 26883 | Swamp:4  | Identified the ring "Waocyoc" {rElec rCorr Dex+3}
 26985 | Swamp:4  | Noticed a thorn hunter
 26989 | Swamp:4  | Killed a thorn hunter
 26997 | Swamp:4  | Reached skill level 15 in Fighting
 27001 | Swamp:4  | Your ally Argrim died
 27667 | Swamp:4  | Your ally Orgrim died
 27683 | Swamp:4  | Your ally Argrim died
 27684 | Swamp:4  | Noticed a thorn hunter
 27688 | Swamp:4  | Reached XP level 17. HP: 156/156 MP: 19/25
 27694 | Swamp:4  | Reached skill level 5 in Evocations
 27716 | Swamp:4  | Your ally Wargrak died
 27949 | Swamp:4  | Got a decaying rune of Zot
 28169 | Snake:1  | Entered Level 1 of the Snake Pit
 28559 | Snake:1  | Reached skill level 1 in Translocations
 28839 | Snake:1  | Identified the granite talisman of Virtue {Str+4}
 28839 | Snake:1  | Noticed Roxanne
 29792 | Snake:2  | Identified a scroll of acquirement
 29799 | Snake:2  | Acquired 742 gold pieces
 29878 | Snake:2  | Identified the +6 great mace of Cheibriados's Esteem
                  | {freeze, rF+}
 29890 | Snake:2  | Anointed Gorbash the warrior as your apostle
 30241 | Snake:2  | Found Beefiemaff's Book Shoppe.
 30242 | Snake:2  | Found Gigom's Jewellery Shop.
 30242 | Snake:2  | Found Isyclong's Jewellery Shop.
 30854 | Snake:3  | Found a glowing silver altar of Zin.
 30975 | Snake:3  | Identified the serpent talisman of Tiff {+Blink rCorr Str+7
                  | Int-3}
 30975 | Snake:3  | Noticed Aizul
 30983 | Snake:3  | Killed Aizul
 31219 | Snake:3  | Noticed Azrael
 31224 | Snake:3  | Killed Azrael
 31527 | Snake:3  | Your ally Orgrim died
 32214 | Snake:4  | Entered Level 4 of the Snake Pit
 32474 | Snake:4  | Reached skill level 5 in Translocations
 32785 | Snake:4  | Reached skill level 1 in Spellcasting
 32861 | Snake:4  | Reached XP level 18. HP: 167/167 MP: 27/27
 32972 | Snake:3  | Your ally Gorbash died
 32980 | Snake:3  | Your ally Argrim died
 33022 | Snake:3  | Identified the +5 plate armour of the Arena {rN+ Str+6}
 33790 | Snake:4  | Upgraded the game from 0.32-a0-711-g016ad743e0 to
                  | 0.32-a0-732-ga344392067
 34133 | Snake:4  | Got a serpentine rune of Zot
 34327 | Snake:3  | Identified the +0 dagger of Dissatisfaction {freeze, rElec
                  | rF+}
 34342 | Snake:3  | Anointed Hilgar the wizard as your apostle
 34584 | Elf:1    | Entered Level 1 of the Elven Halls
 34585 | Elf:1    | Paralysed by an air elemental for 1 turns
 34623 | Elf:1    | Identified the -2 kite shield of Bypneis {Int+4 Dex-2}
 34623 | Elf:1    | Noticed Donald
 34625 | Elf:1    | Killed Donald
 34626 | Elf:1    | Reached skill level 10 in Dodging
 35132 | Elf:1    | Noticed a Tzitzimitl
 35170 | Elf:1    | Reached XP level 19. HP: 179/179 MP: 28/28
 35410 | Elf:1    | Reached skill level 1 in Necromancy
 35417 | Elf:1    | Noticed Frances
 35425 | Elf:1    | Banished Frances
 35817 | Elf:2    | Your ally Argrim died
 36503 | Elf:2    | Acquired 1015 gold pieces
 36702 | Elf:2    | Found a runed translucent gate.
 36702 | Elf:2    | Found a runed translucent gate.
 36702 | Elf:2    | Found a runed translucent gate.
 36778 | Elf:3    | Entered Level 3 of the Elven Halls
 37375 | Elf:3    | Reached skill level 5 in Necromancy
 37741 | Vaults:1 | Entered Level 1 of the Vaults
 37749 | Vaults:1 | Learned a level 6 spell: Death Channel
 38191 | Vaults:1 | Anointed Margrim the priest as your apostle
 39310 | Vaults:2 | Reached XP level 20. HP: 191/191 MP: 29/29
 40189 | Vaults:2 | Reached skill level 10 in Necromancy
 40762 | Vaults:3 | You are sucked into a shaft and drop 1 floor!
 40792 | Vaults:4 | Reached skill level 5 in Spellcasting
 41882 | Vaults:4 | Identified the +2 dagger "Hips" {elec, ^Drain rElec Dex+2}
 41891 | Vaults:4 | Anointed Rocco the wizard as your apostle
 42246 | Vaults:3 | Found a staircase to the Crypt.
 42859 | Vaults:3 | Found Urharph's Magic Scroll Emporium.
 42867 | Vaults:3 | Bought a scroll of fear for 64 gold pieces
 42867 | Vaults:3 | Bought a scroll of fear for 64 gold pieces
 42867 | Vaults:3 | Bought a scroll of teleportation for 48 gold pieces
 42867 | Vaults:3 | Bought a scroll of blinking for 120 gold pieces
 42867 | Vaults:3 | Bought a scroll of blinking for 120 gold pieces
 43657 | Vaults:4 | Found Hiferch's Weapon Boutique.
 43667 | Vaults:4 | Acquired a manual of Dodging
 44419 | Depths:1 | Entered Level 1 of the Depths
 44427 | Depths:1 | Reached XP level 21. HP: 201/201 MP: 30/30
 44697 | Depths:1 | Found a burning altar of Makhleb.
 44709 | Depths:1 | Found a glowing golden altar of the Shining One.
 44810 | Depths:1 | Found a one-way gate leading to the halls of Pandemonium.
 45169 | Depths:1 | Identified the +2 robe "Nejialey" {rC++ Str+4 Slay-5}
 45169 | Depths:1 | Noticed Boris
 45180 | Depths:1 | Killed Boris
 45195 | Depths:1 | Acquired a manual of Spellcasting
 45406 | Depths:1 | Found a gateway to Hell.
 45655 | Depths:2 | Found Nium's Weapon Shoppe.
 45676 | Depths:2 | Found Axtoph's General Store.
 45685 | Depths:2 | Bought a scroll of blinking for 127 gold pieces
 45829 | Depths:2 | Noticed a golden dragon
 45838 | Depths:2 | Your ally Gorbash died
 45840 | Depths:2 | Killed a golden dragon
 45857 | Depths:2 | Your ally Rocco died
 46182 | Depths:2 | Identified the ring "Riesaopn" {MP+9 Str+3 Dex-3 Slay+5
                  | SInv}
 46260 | Depths:2 | Found a one-way gate to the infinite horrors of the Abyss.
 46423 | Depths:2 | Noticed LobsterGuardian's ghost (veteran AtAr)
 46432 | Depths:2 | Found a runed translucent gate.
 46432 | Depths:2 | Found a runed translucent gate.
 46432 | Depths:2 | Found a runed translucent gate.
 46501 | Depths:2 | Learned a level 5 spell: Borgnjor's Vile Clutch
 46663 | Depths:2 | Identified the +0 great sword of Teog {flame, rCorr Int-4
                  | Stlth+}
 46674 | Depths:2 | Anointed Benkei the warrior as your apostle
 47469 | Depths:3 | Reached skill level 15 in Necromancy
 47610 | Depths:3 | Reached skill level 1 in Earth Magic
 48034 | Depths:3 | Found a shadowy altar of Dithmenos.
 48388 | Depths:3 | Found a one-way gateway to a ziggurat.
 48746 | Depths:4 | Entered Level 4 of the Depths
 48781 | Depths:4 | Reached XP level 22. HP: 209/209 MP: 35/35
 48803 | Depths:4 | Slain by an iron troll simulacrum

Illustrated notes

Levels and vault maps discovered:
D:1:      minmay_arrival_four_houses, layout_loops_ring, serial_shops, shop,
          shop
D:2:      layout_rooms, serial_corexii_hall, corexii_hall_statues_deadend,
          corexii_hall_statues_i, minivault_19, hangedman_decor_points,
          uniq_natasha, uniq_crazy_yiuf_cottage
D:3:      layout_rooms, mainiacjoe_overflow_catwalk,
          mainiacjoe_overflow_tiny_flanked
D:4:      layout_basic, xom_butterflies, gammafunk_temple_overflow_wave
D:5:      layout_basic, old_standard_altar, grunt_ministairs_5,
          minmay_fractal_squares_gapless_5
D:6:      layout_layer_cave, nicolae_overflow_hidden_temple,
          lemuel_temple_firewalk_b, uniq_grinder
D:7:      layout_cave_pods, nicolae_elyvilon_peaceful_grove,
          hangedman_abyss_or_decor_lesser_grid
D:8:      minmay_thinvault, layout_basic, vehumet_statue,
          nemelex_diamond_rough_becter, minmay_lair_entry_grove,
          hangedman_decor_peaks_small, uniq_pikel
D:9:      layout_irregular_city, jmf_multi_god_temple, zombieorc2_lemuel,
          minmay_radiant
D:10:     layout_gridville, kennysheep_vampire_church,
          nicolae_qazlal_scattered_showers, makhleb_altar_promises_db,
          skrybe_limestone_x, grunt_ministairs_10
D:11:     layout_basic
D:12:     kennysheep_demon_hangout, layout_loops_cross, minmay_lizard_king
D:13:     cheibrodos_statue_roulette, layout_long_grid, david_vaults_5
D:14:     layout_roguey, minmay_stone_trees_small
D:15:     hellmonk_depths_entry_around_the_bend, layout_rooms,
          dreamdust_princess_corridor, serial_shops, shop,
          gauntlet_entry_generic, abandoned_shop, uniq_nessos
Temple:   nicolae_temple_little_seven
Lair:1:   layout_small_grid, serial_rivers, chequers_serial_rivers_small_b,
          chequers_serial_rivers_micro_c, chequers_serial_rivers_micro_e,
          chequers_serial_rivers_micro_e, chequers_serial_rivers_micro_e,
          ebering_ghost_disaster_area, grunt_forest_large_clearings,
          serial_bayou_shore_a, lemuel_fruit_tree
Lair:2:   layout_regular_city, mainiacjoe_swamp_entry_lozenge_pond,
          beast_lair_carwin_7, uniq_maggie
Lair:3:   layout_gridlike, guppyfry_snake_entry_garden,
          lightli_volcano_entry_magma_tube, portal_ice_cave_entry_pillars_2,
          gammafunk_ghost_arena, guppyfry_lair_drakes, grunt_megastairs_4
Lair:4:   layout_cave_pods, disabler_island
Lair:5:   evilmike_catoblepas_cave, layout_concentric_octagons,
          dpeg_slime_entry_enclosed, grunt_megastairs_5,
          infiniplex_staircase_pool_2, uniq_rupert
Swamp:1:  layout_basic_swamp, evilmike_swamp_ruin_house_1, uniq_nikola,
          uniq_louise
Swamp:2:  gammafunk_worm_tunnel, layout_falls_marsh, evilmike_swamp_ruin_house_6
Swamp:3:  layout_falls_marsh, nicolae_swamp_dense_foliage,
          nicolae_swamp_decorative_isthmus, uniq_jorgrun
Swamp:4:  swamp_basic_johnstein, layout_basic_swamp, swamp_pool_4, worms_lemuel
Snake:1:  layout_concentric_octagons, serial_bayou_shore_b,
          nicolae_integral_box, uniq_roxanne
Snake:2:  layout_onion, nicolae_snake_salamander_stairs, minmay_shop_grove,
          grunt_megastairs_1, serial_bayou_shore_b
Snake:3:  nicolae_snake_attic_fulla_snakes, layout_grid_shapes, basic_altar,
          uniq_aizul, uniq_azrael
Snake:4:  grunt_snake_rune_pools, layout_gridlike, grunt_megastairs_3
Orc:1:    layout_caves, serial_shops, shop
Orc:2:    st_orc_ogre_mass, layout_diamond_mine, hellmonk_ghost_happy_afterlife,
          mines1_david
Elf:1:    minmay_elf_arrival_circle, layout_loops_cross,
          kennysheep_underground_church, uniq_donald, uniq_frances
Elf:2:    nicolae_elf_blades_splatter_lattice
          [nicolae_blade_entry_hurt_lockers], layout_loops_cross,
          minmay_misc_feat_five, dk_noncrumbling_2
Elf:3:    nooodl_elf_gasket, layout_loops_corners, minmay_misc_feat_rows
Vaults:1: nicolae_vaults_weapon_check, serial_ice_m,
          nicolae_vaults_puzzle_piece, v_misc_31, hangedman_vaults_unwind,
          nicolae_vaults_tangram_2, vaults_dpeg_encased_lava,
          nicolae_vaults_more_shelving_1, dpeg_vaults_monster_row,
          vaults_dpeg_ring, layout_vaults_maze_snakey
Vaults:2: grunt_vaults_focal, nicolae_vaults_prndl, v_pattern_1,
          nicolae_vaults_lightning_bolt, nicolae_vaults_security_offices_5,
          vaults_mumra_hexcomb, nicolae_vaults_closet_pinwheel_6,
          nicolae_vaults_tetromino_Z_2, nicolae_vaults_asterisk,
          nicolae_vaults_yaktaur_gun_rack, hangedman_vaults_capsules,
          vaults_room_fours, layout_vaults_omnibox
Vaults:3: nicolae_vaults_diagonal_hallway_7, v_alt_pattern_6,
          minmay_crypt_entry_simple_walls, vaults_room_fours,
          nicolae_vaults_network_periphery, nicolae_vaults_double_plus_1,
          v_alt_pattern_1, nicolae_vaults_network_s, nicolae_vaults_trapezoid_1,
          nicolae_vaults_door_testing_chamber, nicolae_vaults_wine_cellar,
          serial_ice_g, layout_vaults_big_room, serial_shops, shop_statue
Vaults:4: v_pattern_5, v_misc_2, nicolae_vaults_whirlpool_walls,
          v_alt_pattern_6, nicolae_vaults_six-pack, lightli_orcish_oven,
          vaults_room_corners, nicolae_vaults_diamond_2,
          ontoclasm_vaults_gateway, nicolae_vaults_tetromino_Z_1,
          layout_vaults_quadrants, serial_shops, shop
Depths:1: layout_gridlike, pan_entry, chequers_serial_rivers_micro_e,
          hell_entry, minmay_misc_feat_roman, nzn_life_drinkers, uniq_boris
Depths:2: minmay_stepped, layout_basic, kennysheep_another_room,
          gammafunk_ghost_split, rand_demon_pan_entry_3, hell_entry,
          abyss_entry, infiniplex_staircase_split_hallway, minmay_shoptagon,
          serial_bayou_shore_b
Depths:3: nicolae_terramorphic_expanse [nicolae_terramorphic_quarter,
          nicolae_terramorphic_quarter, nicolae_terramorphic_quarter,
          nicolae_terramorphic_quarter, nicolae_terramorphic_quarter,
          nicolae_terramorphic_biome, nicolae_terramorphic_biome,
          nicolae_terramorphic_biome, nicolae_terramorphic_biome],
          layout_cave_shapes, enter_ziggurat_e, pf_hell_entry_tar_river,
          abyss_entry_crystal, grunt_dithmenos_smoke, hangedman_decor_growths,
          minmay_misc_feat_cross, nicolae_figureground_pulse
Depths:4: grunt_zot_entry_gee_three, layout_gridville,
          hellmonk_okawaru_the_only_friend_you_need, grunt_mini_vestibule,
          lemuel_old_faithful, uniq_mennas

Skill      XL: |  1  2  3  4  5  6  7  8  9 10 11 12 13 14 15 16 17 18 19 20 21 |
---------------+----------------------------------------------------------------+-----
Dodging        | 2 3 4 5 6 7 9 10 12 14 | 14.8
Fighting       | 2 3 5 6 8 9 10 12 14 15 16 18 19 20 | 20.0
Shapeshifting  | 4 5 6 7 8 9 11 14 16 17 | 17.0
Unarmed Combat | 4 5 6 8 10 11 12 13 16 17 19 20 | 20.1
Invocations    | 2 3 5 6 9 11 12 | 12.0
Evocations     | 4 5 |  5.0
Translocations | 5 6 7 |  7.0
Spellcasting   | 1 2 5 9 |  9.3
Necromancy     | 8 13 15 | 15.0
Earth Magic    | 2 |  2.4

Action                     |  1- 3 |  4- 6 |  7- 9 | 10-12 | 13-15 | 16-18 | 19-21 | 22-24 || total
---------------------------+-------+-------+-------+-------+-------+-------+-------+-------++-------
  Melee: Unarmed           |   100 |   208 |   295 |   367 |   527 |   719 |   866 |    17 ||  3099
         Tailslap          |    10 |    21 |    55 |    89 |   105 |   106 |   142 |     5 ||   533
         Punch             |     2 |     4 |       |       |    17 |    68 |   123 |     4 ||   218
         Bite              |       |       |       |       |    30 |    92 |   116 |       ||   238
   Cast: Animate Dead      |       |       |       |       |       |       |     3 |     1 ||     4
         Death Channel     |       |       |       |       |       |       |     1 |     1 ||     2
 Invoke: Convert to Beogh  |       |     1 |       |       |       |       |       |       ||     1
         Smiting           |       |       |       |     7 |    19 |    20 |    16 |     1 ||    63
         Recruit Apostle   |       |       |       |     3 |     2 |     3 |     3 |       ||    11
         Recall Apostles   |       |       |       |     2 |     7 |     2 |     5 |       ||    16
         Dismiss Apostle   |       |       |       |       |     2 |     3 |     3 |       ||     8
         Blood for Blood   |       |       |       |       |     1 |     3 |     1 |       ||     5
Ability: Galvanic Breath   |       |       |     3 |    12 |    12 |    19 |    11 |     1 ||    58
  Evoke: Wand              |       |       |       |     3 |     3 |     1 |     1 |       ||     8
         Lightning rod     |       |       |       |       |     1 |       |       |       ||     1
    Use: Scroll            |       |     4 |     7 |     5 |    10 |     4 |     6 |       ||    36
         Potion            |       |     1 |     2 |     2 |     7 |     2 |     2 |       ||    16
   Stab: Sleeping          |       |     2 |       |       |     1 |     1 |       |       ||     4
         Invisible         |       |       |       |     2 |     2 |       |       |       ||     4
         Distracted        |       |       |       |     9 |    13 |    13 |    26 |       ||    61
 Armour: Skin              |    59 |   167 |   161 |   218 |   386 |   657 |   554 |    17 ||  2219
  Dodge: Dodged            |    50 |   107 |   308 |   410 |   337 |   283 |   259 |     7 ||  1761
  Block: Other             |       |       |       |       |     7 |   120 |    84 |     2 ||   213
         Reflection        |       |       |       |       |     1 |    11 |     9 |       ||    21
   Form: Flux              |       |       |     1 |     1 |     1 |       |       |       ||     3
         Serpent           |       |       |       |     1 |       |       |       |       ||     1
         Dragon            |       |       |       |       |     2 |     2 |       |       ||     4
                           |       |       |       |       |       |     2 |       |       ||     2

Table legend: (Time is in decaauts)
 A = Elapsed time spent in this place.
 B = Non-inter-level travel time spent in this place.
 C = Inter-level travel time spent in this place.
 D = Time resting spent in this place.
 E = Time spent auto-exploring this place.
 F = Levels seen in this place.
 G = Mean time per level.
                   A        B        C        D        E       F      G
               +--------+--------+--------+--------+--------+-----+--------+
         Total |  48047 |  44793 |   3254 |   2225 |  35058 |  45 | 1067.7 |
       Dungeon |  15282 |  13716 |   1566 |    320 |  11195 |  15 | 1018.8 |
        Temple |      1 |      1 |      0 |      0 |      0 |   1 |    1.0 |
          Lair |   6382 |   5940 |    442 |    165 |   4739 |   5 | 1276.4 |
         Swamp |   4203 |   4104 |     99 |    430 |   2966 |   4 | 1050.8 |
     Snake Pit |   6124 |   5834 |    290 |    402 |   4449 |   4 | 1531.0 |
  Orcish Mines |   1915 |   1729 |    186 |    217 |   1276 |   2 |  957.5 |
   Elven Halls |   2898 |   2722 |    176 |      0 |   2274 |   3 |  966.0 |
        Vaults |   6405 |   6006 |    399 |     27 |   5090 |   4 | 1601.2 |
        Depths |   4254 |   4160 |     94 |    623 |   2953 |   4 | 1063.5 |
      Ice Cave |     38 |     38 |      0 |      0 |      0 |   1 |   38.0 |
       Volcano |    210 |    210 |      0 |     21 |      0 |   1 |  210.0 |
      Gauntlet |    330 |    330 |      0 |     20 |    115 |   1 |  330.0 |
               +--------+--------+--------+--------+--------+-----+--------+

Top non-repeatable levels by time:
Vaults:4: 2161 daAuts
 Snake:4: 1927 daAuts
Depths:2: 1918 daAuts
 Snake:2: 1736 daAuts
Vaults:3: 1638 daAuts
 Snake:3: 1612 daAuts
     D:8: 1598 daAuts
  Lair:5: 1571 daAuts
     D:5: 1566 daAuts
     D:9: 1427 daAuts
     D:6: 1413 daAuts
 Swamp:4: 1404 daAuts
   Orc:2: 1403 daAuts
  Lair:3: 1395 daAuts
  Lair:2: 1344 daAuts
